 Dungeon Crawl Stone Soup version 0.28-a0-674-gdaf460b524 (webtiles) character file.

Game seed: 12522917155136538497

77 siradein the Sneak (level 4, 0/34 HPs)
             Began as a Demonspawn Brigand on Oct 18, 2021.
             Succumbed to an adder's poison
             ... on level 1 of the Dungeon.
             The game lasted 00:05:30 (1781 turns).

siradein the Sneak (Demonspawn Brigand)             Turns: 1781, Time: 00:05:31

Health: 0/34       AC:  3    Str: 12    XL:     4   Next: 13%
Magic:  4/4        EV: 12    Int: 12    God:
Gold:   185        SH:  0    Dex: 17    Spells: 3/3 levels left

rFire   . . .      SeeInvis .   a - +2 dagger
rCold   . . .      Faith    .   (no shield)
rNeg    . . .      Spirit   .   b - +0 robe
rPois   .          Reflect  .   (no helmet)
rElec   .          Harm     .   c - +0 cloak
rCorr   .          Rampage  .   (no gloves)
Will    .....                   (no boots)
Stlth   ++++......              (no amulet)
HPRegen 0.11/turn               (no ring)
MPRegen 0.09/turn               (no ring)

@: lethally poisoned (0 -> -3)
A: thin skeletal structure 1, demonic touch 1
a: no special abilities


You were on level 1 of the Dungeon.
You visited 1 branch of the dungeon, and saw 2 of its levels.

You collected 185 gold pieces.

Inventory:

Hand Weapons
 a - a +2 dagger (weapon)
Missiles
 d - 8 poisoned darts (quivered)
 e - 2 curare-tipped darts
Armour
 b - a +0 robe (worn)
 c - a +0 cloak (worn)
Scrolls
 f - a scroll of acquirement {unknown}
 h - 2 scrolls of teleportation {unknown}
 j - a scroll of fear {unknown}
 l - a scroll of amnesia {unknown}
Potions
 i - a potion of attraction
 k - a potion of resistance
 m - a potion of lignification


   Skills:
 + Level 2.6 Fighting
 + Level 2.3 Short Blades
 + Level 2.3 Throwing
 + Level 1.7 Dodging
 + Level 4.0 Stealth


You had 3 spell levels left.
You didn't know any spells.
Your spell library contained the following spells:

 Spells                   Type           Power      Damage    Failure   Level
 Pain                     Necr           0%         1d4       32%         1
 Summon Small Mammal      Summ           0%         N/A       32%         1
 Call Canine Familiar     Summ           0%         N/A       69%         3
 Summon Guardian Golem    Hex/Summ       0%         N/A       69%         3
 Agony                    Necr           0%         N/A       100%        5
 Excruciating Wounds      Necr           0%         N/A       100%        5


Dungeon Overview and Level Annotations

Branches:
Dungeon (2/15)

Altars:


Innate Abilities, Weirdness & Mutations

You have a somewhat thin skeletal structure. (Dex +2, Stealth+)
Your touch may inflict minor irresistible damage on your foes.


Message History

The adder is lightly wounded.
The adder bites you.
You are poisoned.
The adder poisons you!
You feel sick.
You feel sick. The adder bites you.
You feel sick.
You feel sick.
You feel sick.
You feel sick.
You are no longer poisoned.
The adder bites you but does no damage. The adder bites you.
You barely miss the adder.
The adder is lightly wounded.
The adder bites you.
You are poisoned.
The adder poisons you!
You feel sick.
You feel sick. The adder bites you.
You feel sick.
You feel sick.
You feel sick.
You are no longer poisoned.
The adder bites you.
* * * LOW HITPOINT WARNING * * *
The adder bites you.
* * * LOW HITPOINT WARNING * * *
You are lethally poisoned!
The adder poisons you!
* * * LOW HITPOINT WARNING * * *
You feel sick.
* * * LOW HITPOINT WARNING * * *
You feel sick.
There is a stone staircase leading up here.
* * * LOW HITPOINT WARNING * * *
You feel sick. The adder bites you.
* * * LOW HITPOINT WARNING * * *
You climb upwards.
You die...

# #...# ######P#P#P#P#P#.)..... #
##..### #.............##.... #
#....#### #<..PP........###### #
#..#....###.............# # #
##.#......###P#P#P#P#P### ### #
#..........################.. #
##............................ #
##................######..#.#.. #
#.............@...######)...###
###.#............S...........##
....#.......................####
....##.........................##
....###.....#...............##...
....# #.#########............>.##
....# #......####..........#.#..#
....# ######.....................
....# ##..##..P.PPP.....####


You could see an adder.

Vanquished Creatures
  3 adders (D:2)
  A worm (D:2)
  A dart slug (D:2)
  5 ball pythons
  2 bats (D:1)
  4 endoplasms
  A giant cockroach (D:1)
  6 hobgoblins
  2 jackals (D:1)
  A quokka (D:1)
  3 frilled lizards
  7 goblins
  2 kobolds
  4 rats
42 creatures vanquished.

Vanquished Creatures (others)
  A fungus (D:1)
  3 toadstools (D:1)
4 creatures vanquished.

Grand Total: 46 creatures vanquished

Notes
Turn   | Place    | Note
-------+----------+-------------------------------------------
     0 | D:1      | siradein the Demonspawn Brigand began the quest for the
                  | Orb.
     0 | D:1      | Reached XP level 1. HP: 16/16 MP: 1/1
   116 | D:1      | Reached skill level 1 in Dodging
   468 | D:1      | Gained mutation: Your touch may inflict minor irresistible
                  | damage on your foes. [demonic ancestry]
   468 | D:1      | Reached XP level 2. HP: 22/22 MP: 2/2
   743 | D:1      | Gained mutation: You have a somewhat thin skeletal
                  | structure. (Dex +2, Stealth+) [demonic ancestry]
   743 | D:1      | Reached XP level 3. HP: 24/28 MP: 3/3
   784 | D:1      | Found a faded altar of an unknown god.
   785 | D:1      | Noticed a golden eye
   786 | D:1      | Noticed a great orb of eyes
   787 | D:1      | Noticed a floating eye
   787 | D:1      | Noticed a great orb of eyes
   813 | D:1      | You fall into a shaft and drop 1 floor!
  1246 | D:2      | Reached skill level 4 in Stealth
  1717 | D:2      | Reached XP level 4. HP: 34/34 MP: 4/4
  1780 | D:2      | HP: 1/34 [adder (2)]
  1781 | D:1      | Succumbed to an adder's poison

Illustrated notes

Levels and vault maps discovered:
D:1:      minmay_arrival_plants_in_alcoves, layout_rooms,
          hellmonk_ecumenical_altar_watching_god, minmay_gold_behind_fungi
D:2:      layout_basic

Skill      XL: |  1  2  3 |
---------------+----------+-----
Dodging        | 1 |  1.7
Short Blades   | 2 |  2.3
Throwing       | 2 |  2.3
Stealth        | 4 |  4.0
Fighting       | |  2.6

Action                   |  1- 3 |  4- 6 || total
-------------------------+-------+-------++-------
Melee: Dagger            |    94 |     7 ||   101
       Touch             |    13 |     2 ||    15
  Use: Scroll            |     3 |       ||     3
 Stab: Sleeping          |    15 |       ||    15
Armor: Robe              |    19 |     2 ||    21
Dodge: Dodged            |    40 |     3 ||    43

Table legend: (Time is in decaauts)
 A = Elapsed time spent in this place.
 B = Non-inter-level travel time spent in this place.
 C = Inter-level travel time spent in this place.
 D = Time resting spent in this place.
 E = Time spent auto-exploring this place.
 F = Levels seen in this place.
 G = Mean time per level.
                   A        B        C        D        E       F      G
               +--------+--------+--------+--------+--------+-----+--------+
         Total |   1771 |   1766 |      5 |      7 |   1393 |   2 |  885.5 |
       Dungeon |   1771 |   1766 |      5 |      7 |   1393 |   2 |  885.5 |
               +--------+--------+--------+--------+--------+-----+--------+

Top non-repeatable levels by time:
     D:1: 1035 daAuts
     D:2: 736 daAuts
